 Dungeon Crawl Stone Soup version 0.24-b1 (webtiles) character file.

Game seed: 3123138589083788642, levelgen mode: deterministic

88 DasRunzen the Charmwright (level 4, -1/36 HPs)
             Began as a Demigod Skald on Oct 13, 2019.
             Slain by an orc priest
             ... wielding a +0 hand axe
              (2 damage)
             ... on level 2 of the Dungeon.
             The game lasted 00:03:01 (1584 turns).

DasRunzen the Charmwright (Demigod Skald)           Turns: 1584, Time: 00:03:01

Health: -1/36      AC:  4    Str: 20    XL:     4   Next: 8%
Magic:  10/10      EV: 12    Int: 17    God:
Gold:   119        SH:  0    Dex: 15    Spells: 4/7 levels left

rFire    x . .     SeeInvis .   a - +0 falchion
rCold    + . .     Gourm    .   (no shield)
rNeg     . . .     Faith    .   b - +0 leather armour
rPois    .         Spirit   .   (no helmet)
rElec    .         Reflect  .   (no cloak)
rCorr    .         Harm     .   f - +0 pair of gloves (curse)
MR       .....                  (no boots)
Stlth    +.........             (no amulet)
HPRegen  0.12/turn              k - ring of ice
MPRegen  0.12/turn              c - +4 ring of strength

@: no status effects
A: high mp 1
a: no special abilities


You were on level 2 of the Dungeon.
You were not hungry.

You visited 1 branch of the dungeon, and saw 2 of its levels.

You collected 119 gold pieces.

Inventory:

Hand Weapons
 a - a +0 falchion (weapon)
Armour
 b - a +0 leather armour (worn)
 f - a cursed +0 pair of gloves (worn)
Jewellery
 c - a +4 ring of strength (right hand)
 k - a ring of ice (left hand)
Scrolls
 e - a scroll of identify
Potions
 g - a potion of mutation {unknown}
 h - 2 potions of curing
 i - a potion of might {unknown}
Comestibles
 d - 5 rations


   Skills:
 + Level 2.2 Fighting
 + Level 2.3 Long Blades
 + Level 1.6 Armour
 + Level 2.2 Dodging
 + Level 2.3 Spellcasting
 + Level 3.0 Charms


You had 4 spell levels left.
You knew the following spells:

 Your Spells              Type           Power        Failure   Level  Hunger
a - Infusion              Chrm           ##..         6%          1    #......
b - Song of Slaying       Chrm           ##......     10%         2    ##.....

Your spell library contained the following spells:

 Spells                   Type           Power        Failure   Level  Hunger
 Shroud of Golubria       Chrm/Tloc      #.....       17%         2    ##.....
 Regeneration             Chrm/Necr      #.........   34%         3    ###....
 Spectral Weapon          Hex/Chrm       #.......     34%         3    ###....


Dungeon Overview and Level Annotations

Branches:
Dungeon (2/15)

Annotations:
D:2 1 runed translucent door, Crazy Yiuf


Innate Abilities, Weirdness & Mutations

You have an increased reservoir of magic. (+10% MP)


Message History

All of the chunks of flesh in your inventory have rotted away.
Unknown command.
You hit the orc priest but do no damage.
The orc priest is almost dead.
A goblin comes into view. It is wielding a +0 dagger.
The orc priest closely misses you. The orc misses you.
The orc hits you with a +0 whip.
* * * LOW HITPOINT WARNING * * *
Unknown command.
You barely miss the orc priest.
The orc priest is almost dead.
The orc priest miscasts a cantrip.
The orc hits you with a +0 whip.
* * * LOW HITPOINT WARNING * * *
The orc hits you but does no damage.
Unknown command.
You barely miss the orc priest.
The orc priest is almost dead.
The orc priest hits you with a +0 hand axe.
You die...

......#####..#..####.#
......# #..#..# #.#
##....# #..#..# #..
#....# #..#..# #.#
##.#..## #..#..# #
.......####..#..####.##.
..............†........>
#<............hoo....##.
##.##........gho@.......
#.# .........h#####.##.
### ...##..#.#. #####...
#..#.#.# .......
....#.#.# ###...
.........o ### #. .o


You could see an orc priest, 2 orcs, 3 jackals and a goblin.

Vanquished Creatures
  Jessica (D:2)
  2 adders (D:2)
  A worm (D:2)
  2 dart slugs
  A leopard gecko (D:1)
  An orc (D:2)
  4 hobgoblins
  2 jackals (D:1)
  A quokka (D:2)
  A ball python (D:2)
  8 bats
  A frilled lizard (D:1)
  4 goblins
  3 kobolds
  6 rats
38 creatures vanquished.

Vanquished Creatures (others)
  A rat (D:1)
1 creature vanquished.

Grand Total: 39 creatures vanquished

Notes
Turn   | Place    | Note
-------+----------+-------------------------------------------
     0 | D:1      | DasRunzen the Demigod Skald began the quest for the Orb.
     0 | D:1      | Reached XP level 1. HP: 17/17 MP: 5/5
    38 | D:1      | Reached skill level 1 in Armour
   144 | D:1      | Reached XP level 2. HP: 17/24 MP: 7/7
   458 | D:1      | Found an iron altar of Okawaru.
   875 | D:2      | Reached XP level 3. HP: 9/29 MP: 8/8
  1152 | D:2      | Learned a level 2 spell: Song of Slaying
  1209 | D:2      | Found a runed translucent door.
  1210 | D:2      | Noticed Crazy Yiuf
  1344 | D:2      | Noticed Jessica
  1357 | D:2      | Killed Jessica
  1357 | D:2      | Reached skill level 3 in Charms
  1481 | D:2      | Reached XP level 4. HP: 25/36 MP: 10/10
  1583 | D:2      | HP: 1/36 [orc/+0 whip (4)]
  1584 | D:2      | Slain by an orc priest

Skill      XL: |  1  2  3 |
---------------+----------+-----
Armour         | 1 |  1.6
Fighting       | 2 |  2.2
Dodging        | 2 |  2.2
Spellcasting   | 2 |  2.3
Long Blades    | 2 |  2.3
Charms         | 3 |  3.0

Action                   |  1- 3 |  4- 6 || total
-------------------------+-------+-------++-------
Melee: Falchion          |   118 |    24 ||   142
  Use: Scroll            |     3 |       ||     3
 Stab: Sleeping          |     2 |       ||     2
  Eat: Chunk             |     2 |       ||     2
Armor: Leather armour    |    34 |     4 ||    38
Dodge: Dodged            |    98 |    23 ||   121
       Rpst.: Falchion   |    29 |     9 ||    38
